 Dungeon Crawl Stone Soup version 0.21-a0-521-g1cd18d1148 (webtiles) character file.

20778 GordonOverkill the Severer (level 12, 0/112 HPs)
             Began as a Hill Orc Air Elementalist on Dec 5, 2017.
             Was an Elder of Trog.
             Killed from afar by a catoblepas (9 damage)
             ... with a blast of calcifying dust
             ... on level 3 of the Lair of Beasts.
             The game lasted 00:47:51 (15202 turns).

GordonOverkill the Severer (HOAE)                  Turns: 15202, Time: 00:47:52

Health: 0/112      AC: 15    Str: 16    XL:     12   Next: 83%
Magic:  14/14      EV: 17    Int: 15    God:    Trog [****..]
Gold:   710        SH:  0    Dex: 18    Spells: 13/14 levels left

rFire    + + .     SeeInvis .   E - +0 war axe (chop)
rCold    . . .     Gourm    .   (no shield)
rNeg     . . .     Faith    .   T - +3 scale mail {rF+}
rPois    .         Spirit   .   I - +1 hat {MR+}
rElec    .         Reflect  .   R - +0 cloak
rCorr    .         Harm     .   k - +1 pair of gloves
MR       +....                  (no boots)
Stlth    +.........             C - amulet "Unaecw" {rF+ Regen+ Dex+3}
HPRegen  0.68/turn              v - +4 ring of dexterity
MPRegen  0.14/turn              G - +3 ring of evasion

@: about to teleport, berserk cooldown, very slightly contaminated, slowed, very
slow
A: no striking features
a: Berserk, Trog's Hand, Brothers in Arms, Burn Spellbooks, Renounce Religion


You were on level 3 of the Lair of Beasts.
You worshipped Trog.
Trog was greatly pleased with you.
You were near starving.

You visited 3 branches of the dungeon, and saw 14 of its levels.
You also visited: Volcano.

You collected 710 gold pieces.

Inventory:

Hand Weapons
 j - a +1 hand axe of flaming
 x - the +8 whip "Snakebite" {curare, rPois}
   (You found it on level 2 of the Lair of Beasts)

   It poisons the flesh of those it strikes.
   It protects you from poison.
 E - a +0 war axe of chopping (weapon)
Armour
 k - a +1 pair of gloves (worn)
 I - a +1 hat of magic resistance (worn)
 R - a +0 cloak (worn)
 T - a +3 scale mail of fire resistance (worn)
Jewellery
 v - a +4 ring of dexterity (left hand)
 C - the amulet "Unaecw" (around neck) {rF+ Regen+ Dex+3}
   (You found it on level 8 of the Dungeon)

   [amulet of regeneration]

   It affects your dexterity (+3).
   It protects you from fire.
   It increases your rate of regeneration.
 G - a +3 ring of evasion (right hand)
Wands
 l - a wand of random effects (15)
 D - a wand of flame (14)
 N - a wand of acid (6)
Scrolls
 b - 4 scrolls of remove curse
 e - a scroll of amnesia {unknown}
 g - 3 scrolls of enchant weapon
 m - 4 scrolls of teleportation
 n - a scroll of immolation
 y - a scroll of enchant armour
 O - 2 scrolls of brand weapon
Potions
 f - a potion of brilliance
 h - 5 potions of curing
 o - a potion of heal wounds
 p - a potion of flight
 r - a potion of invisibility
 u - a potion of mutation
 z - 2 potions of agility
 B - 2 potions of resistance
 F - 3 potions of might
 L - a potion of berserk rage
 M - a potion of magic
Miscellaneous
 A - a lightning rod (4/4)
Comestibles
 a - 5 chunks of flesh
 c - 10 bread rations
 q - 13 royal jellies
 H - 3 meat rations
 Q - 10 fruits


   Skills:
 - Level 12.0 Fighting
 - Level 18.0 Axes
 + Level 7.0 Armour
 - Level 7.1 Dodging
 - Level 1.5 Stealth
 - Level 1.5 Spellcasting
 - Level 1.0 Conjurations
 - Level 2.4 Air Magic


You had 13 spell levels left.
You knew the following spells:

 Your Spells              Type           Power        Failure   Level  Hunger
a - Shock                 Conj/Air       #...         34%         1    ##.....


Dungeon Overview and Level Annotations

Branches:
Dungeon (10/15)            Temple (1/1) D:4            Lair (3/6) D:9
  Swamp: Lair:2-4    Shoals: Lair:2-4     Snake: Lair:2-4    Spider: Lair:2-4
    Orc: D:9-12

Altars:
Ashenzari
Cheibriados
Dithmenos
Elyvilon
Fedhas
Gozag
Hepliaklqana
Kikubaaqudgha
Makhleb
Nemelex Xobeh
Okawaru
Qazlal
Ru
Sif Muna
Trog
Uskayaw
Vehumet
Xom
Yredelemnul
Zin
The Shining One

Shops:
D:7 :


Message History

You turn to flesh and can move again.
Okay, then.
You feel much better. The catoblepas closely misses you.
You fail to use your ability.
The catoblepas gores you! The catoblepas gores you!!
* * * LOW HITPOINT WARNING * * *
Okay, then.
You feel much better.
You are near starving!
The catoblepas gores you!
* * * LOW HITPOINT WARNING * * *
As you read the scroll of teleportation, it crumbles to dust.
You feel strangely unstable. The catoblepas gores you!!
* * * LOW HITPOINT WARNING * * *
The catoblepas breathes a plume of calcifying dust at you.
The blast of calcifying dust hits you!
Okay, then.
The catoblepas breathes a plume of calcifying dust at you.
The blast of calcifying dust hits you!
You die...

.....## P.....# ;.....## P...#..#
.# .... #...#..## ..#...####
#...#..P# #....#.#.. ....F#.##
########......... ##.##.Y#
##.)##.##...<..... #..#.SP#
##...§@....P......#
#.#...#####P..Y..........#
..###.##...........P.....#
#.###..#..............P.P#
#.P##.###................#####
..##..##........P.........##P#
..##P...............P........####
.####.....#.....P...............#
.#..>....§.#.............#.......


You could see a catoblepas.

Vanquished Creatures
  Gastronok (Lair:2)
  A red draconian (Volcano)
  2 hydras
  A two-headed ogre (D:9)
  A salamander mystic (Volcano)
  The ghost of dricus the Martial Artist, a novice MfTm (D:8)
  5 salamanders (Volcano)
  7 elephants
  A black mamba (Lair:3)
  A torpor snail (Lair:2)
  2 spiny frogs (Lair:3)
  A komodo dragon (Lair:3)
  A polar bear (Lair:3)
  2 hornets (D:8)
  4 blink frogs (Lair:1)
  3 hippogriffs
  7 yaks
  2 basilisks (D:9)
  8 fire bats (Volcano)
  Menkaure (D:7)
  13 water moccasins
  Edmund (D:5)
  2 porcupines
  An ice beast (D:8)
  An orc warrior (D:9)
  A black bear (D:9)
  A phantom (D:6)
  A sky beast (D:6)
  2 ogres
  3 centaurs
  2 crocodiles
  8 bullfrogs
  A big kobold (D:8)
  A wyvern zombie (D:7)
  3 scorpions
  4 killer bees (D:8)
  4 wights (D:8)
  3 howler monkeys
  2 crimson imps
  6 lava snakes (Volcano)
  4 hounds
  6 orc wizards
  6 orc priests
  3 iguanas (D:4)
  3 jellies
  2 bullfrog skeletons
  A gnoll shaman (D:7)
  7 worker ants
  A hound zombie (D:7)
  A hound skeleton (D:8)
  5 gnolls (D:7)
  9 adders
  A shadow imp (D:5)
  2 adder skeletons (D:6)
  4 worms
  2 dart slugs (D:1)
  6 leopard geckos
  33 orcs
  11 bats
  5 giant cockroaches
  9 goblins
  5 hobgoblins
  10 jackals
  4 quokkas
  A ball python (D:4)
  5 frilled lizards
  15 kobolds
  9 rats
282 creatures vanquished.

Notes
Turn   | Place    | Note
-------+----------+-------------------------------------------
     0 | D:1      | GordonOverkill the Hill Orc Air Elementalist began the quest for the Orb.
     0 | D:1      | Reached XP level 1. HP: 14/14 MP: 3/3
    42 | D:1      | Reached skill level 1 in Fighting
   405 | D:1      | Reached XP level 2. HP: 24/24 MP: 4/4
   989 | D:1      | Reached XP level 3. HP: 31/31 MP: 5/5
  1619 | D:2      | Reached skill level 1 in Axes
  1844 | D:2      | Reached skill level 2 in Axes
  1853 | D:2      | Reached XP level 4. HP: 28/40 MP: 6/6
  2071 | D:3      | Found a stormy altar of Qazlal.
  2173 | D:3      | Reached skill level 3 in Axes
  2173 | D:3      | Reached XP level 5. HP: 29/46 MP: 7/7
  2728 | D:3      | Found a blossoming altar of Fedhas.
  2799 | D:3      | Reached skill level 4 in Axes
  3451 | D:4      | Reached skill level 1 in Armour
  3619 | D:4      | Reached skill level 5 in Axes
  3619 | D:4      | Reached XP level 6. HP: 45/53 MP: 8/8
  3727 | D:4      | Found a staircase to the Ecumenical Temple.
  3771 | Temple   | Entered the Ecumenical Temple
  3998 | Temple   | Became a worshipper of Trog the Wrathful
  4375 | D:4      | Reached skill level 5 in Fighting
  4668 | D:5      | Entered Level 5 of the Dungeon
  4838 | D:5      | Reached skill level 6 in Axes
  4838 | D:5      | Reached XP level 7. HP: 59/61 MP: 9/9
  4851 | D:5      | Found an iron altar of Okawaru.
  5195 | D:5      | Noticed Edmund
  5207 | D:5      | Killed Edmund
  5319 | D:5      | Reached skill level 7 in Axes
  5647 | D:5      | Found a sacrificial altar of Ru.
  5789 | D:5      | Found a shadowy altar of Dithmenos.
  5865 | D:6      | Reached skill level 8 in Axes
  5865 | D:6      | Reached XP level 8. HP: 68/70 MP: 10/10
  5916 | D:6      | Reached * piety under Trog
  6196 | D:6      | Found a glowing golden altar of the Shining One.
  6507 | D:6      | Reached skill level 9 in Axes
  6813 | D:6      | Found a burning altar of Makhleb.
  6813 | D:6      | Noticed a green death
  7223 | D:7      | Reached skill level 10 in Axes
  7456 | D:7      | Reached ** piety under Trog
  7456 | D:7      | Reached XP level 9. HP: 79/79 MP: 11/11
  7529 | D:7      | Found Udimpiz's Book Shoppe.
  7789 | D:7      | Noticed Menkaure
  8114 | D:7      | Killed Menkaure
  8569 | D:8      | Got a heavily runed amethyst amulet
  8570 | D:8      | Identified the amulet "Unaecw" {rF+ Regen+ Dex+3} (You found it on level 8 of the Dungeon)
  8591 | D:8      | Reached skill level 11 in Axes
  9028 | D:8      | Reached skill level 12 in Axes
  9090 | D:8      | Found a glowing golden altar of the Shining One.
  9116 | D:8      | Reached *** piety under Trog
  9147 | D:8      | Noticed dricus's ghost (novice MfTm)
  9260 | D:8      | Killed dricus's ghost
  9260 | D:8      | Reached skill level 13 in Axes
  9260 | D:8      | Reached XP level 10. HP: 91/91 MP: 12/12
  9862 | D:8      | Paralysed by a hornet for 1 turns
 10008 | D:8      | Reached skill level 10 in Fighting
 10227 | D:9      | Found an ancient bone altar of Kikubaaqudgha.
 10294 | D:9      | Noticed a two-headed ogre
 10304 | D:9      | Killed a two-headed ogre
 10304 | D:9      | Reached skill level 14 in Axes
 10354 | D:9      | Noticed an elephant
 10490 | D:9      | Reached skill level 5 in Armour
 10645 | D:9      | Reached skill level 15 in Axes
 10754 | D:9      | Found a staircase to the Lair.
 11038 | D:9      | Killed an elephant
 11489 | D:10     | Entered Level 10 of the Dungeon
 11517 | Lair:1   | Entered Level 1 of the Lair of Beasts
 11607 | Lair:1   | Found a snail-covered altar of Cheibriados.
 11636 | Lair:1   | Received a gift from Trog
 11808 | Lair:1   | Reached XP level 11. HP: 53/99 MP: 13/13
 12115 | Lair:1   | Reached skill level 16 in Axes
 12424 | Lair:2   | Noticed Gastronok
 12426 | Lair:2   | Noticed a five-headed hydra
 12440 | Lair:1   | Killed a one-headed hydra
 12884 | Lair:2   | Found the +8 whip "Snakebite" {curare, rPois}
 12976 | Lair:2   | Killed Gastronok
 12976 | Lair:2   | Reached skill level 5 in Dodging
 13432 | Lair:2   | Reached XP level 12. HP: 84/108 MP: 14/14
 14050 | Lair:3   | Found a dark tunnel.
 14058 | Volcano  | Entered a volcano
 14480 | Volcano  | Reached **** piety under Trog
 14532 | Volcano  | Found a radiant altar of Vehumet.
 14609 | Volcano  | Noticed a red draconian
 14621 | Volcano  | Reached skill level 17 in Axes
 14622 | Volcano  | Killed a red draconian
 14664 | Volcano  | Found a bloodstained altar of Trog.
 14908 | Lair:3   | Noticed a five-headed hydra
 14924 | Lair:3   | Killed a two-headed hydra
 15148 | Lair:3   | Noticed a catoblepas
 15181 | Lair:3   | Reached skill level 18 in Axes
 15202 | Lair:3   | Killed from afar by a catoblepas

Vault maps used:
D:1:      dpeg_arrival_signposts, minivault_26, minivault_5,
          kennysheep_flooded_box
D:3:      old_standard_altar, lemuel_round_altar, eino_tiny_chamber,
          minmay_misc_feat_cross
D:4:      minmay_door_path, temple_doors_e, first_bread
D:5:      kennysheep_okawaru_gauntlet, nicolae_overflow_hidden_temple,
          grunt_dithmenos_shadows, uniq_edmund
D:6:      kennysheep_little_box, small_statue_intersection,
          makhleb_altar_promises_db
D:7:      serial_shops, kennysheep_mini_moat, uniq_menkaure
D:8:      basic_altar, hangedman_pestilent_swarm
D:9:      old_standard_altar, david_lair_generic
D:10:     erik_rubicon_b
Temple:   eino_temple_water
Lair:1:   basic_altar
Lair:2:   minmay_guarded_unrand_snakebite, grunt_megastairs_2,
          serial_bayou_shore_b, uniq_gastronok
Lair:3:   minmay_swamp_entry_swarm, enter_volcano_1, serial_bayou_shore_a,
          serial_bayou_shore_b, lemuel_fruit_tree
Volcano:  volcano_grotto

Skill      XL: |  1  2  3  4  5  6  7  8  9 10 11 12 |
---------------+-------------------------------------+-----
Fighting       | 1 3 4 5 6 7 9 10 12 | 12.0
Axes           | 2 3 5 6 8 10 13 15 16 18 | 18.0
Armour         | 1 2 3 4 6 7 |  7.0
Dodging        | 6 7 |  7.1
Stealth        | |  1.5
Spellcasting   | |  1.5
Conjurations   | |  1.0
Air Magic      | |  2.4

Action                   |  1- 3 |  4- 6 |  7- 9 | 10-12 || total
-------------------------+-------+-------+-------+-------++-------
Melee: Unarmed           |    10 |       |       |       ||    10
       Dagger            |    12 |       |       |       ||    12
       Club              |     5 |       |       |       ||     5
       Hand axe          |    40 |   177 |   512 |   469 ||  1198
       Trident           |       |       |     2 |       ||     2
       War axe           |       |       |       |   192 ||   192
Throw: Javelin           |    37 |    33 |    12 |       ||    82
 Cast: Shock             |    10 |       |       |       ||    10
Invok: Burn Spellbooks   |       |       |     1 |     1 ||     2
       Berserk           |       |       |     3 |    14 ||    17
       Trog's Hand       |       |       |       |     4 ||     4
Evoke: Wand              |       |       |     2 |     5 ||     7
  Use: Scroll            |       |     6 |    10 |    10 ||    26
       Potion            |       |       |     1 |     4 ||     5
 Stab: Sleeping          |     2 |     2 |       |       ||     4
  Eat: Chunk             |     3 |    10 |    16 |    20 ||    49
       Meat ration       |       |       |       |     2 ||     2
       Fruit             |       |       |       |     4 ||     4
Armor: Robe              |    25 |       |       |       ||    25
       Leather armour    |       |    17 |       |       ||    17
       Ring mail         |       |    50 |     6 |   156 ||   212
       Scale mail        |       |       |   168 |    41 ||   209
Dodge: Dodged            |    66 |    96 |   204 |   355 ||   721

Table legend:
 A = Spawn XP
 B = Non-spawn XP
 C = Spawn XP percentage of total XP
 D = Spawn monster count
 E = Non-spawn monster count
 F = Spawn count percentage of total count
 G = Total turns spent on level
                    A         B        C        D         E        F      G
               +---------+---------+-------+---------+---------+-------+---------
         Total |       0 |   29684 |   0.0 |       0 |     282 |   0.0 | 15202
               +---------+---------+-------+---------+---------+-------+---------
           D:1 |       0 |      50 |   0.0 |       0 |      26 |   0.0 |  1551
           D:2 |       0 |      44 |   0.0 |       0 |      14 |   0.0 |   517
           D:3 |       0 |     136 |   0.0 |       0 |      27 |   0.0 |  1148
           D:4 |       0 |     338 |   0.0 |       0 |      16 |   0.0 |  1474
           D:5 |       0 |     498 |   0.0 |       0 |      13 |   0.0 |   885
           D:6 |       0 |     847 |   0.0 |       0 |      20 |   0.0 |  1304
           D:7 |       0 |    1111 |   0.0 |       0 |      38 |   0.0 |  1630
           D:8 |       0 |    2655 |   0.0 |       0 |      32 |   0.0 |  1407
           D:9 |       0 |    2913 |   0.0 |       0 |      29 |   0.0 |  1360
        Lair:1 |       0 |    3383 |   0.0 |       0 |      13 |   0.0 |   968
        Lair:2 |       0 |    8183 |   0.0 |       0 |      24 |   0.0 |  1463
        Lair:3 |       0 |    3105 |   0.0 |       0 |       9 |   0.0 |   480
       Volcano |       0 |    6421 |   0.0 |       0 |      21 |   0.0 |   774
               +---------+---------+-------+---------+---------+-------+---------
